| TOP OF THE 1ST |
|
Brooklyn Cyclones batting - Pitching for Boise Hawks : LHP Mike Pierce
|
|
Pitching: LHP Mike Pierce
|
|
|
Batting: LHB Elmo Dreier
|
0-0: Ball 1-0: Ball 2-0: Called Strike 2-1: Ball 3-1: Base on Balls
|
|
Batting: SHB Callum Lynch
|
0-0: Ball 1-0: Ball 2-0: Called Strike 2-1: Ball 3-1: Called Strike 3-2: Base on Balls Elmo Dreier to second
|
|
Batting: RHB Jayden Copeland
|
0-0: Ball 1-0: Ball 2-0: Called Strike 2-1: 3-RUN HOME RUN (Flyball, 7D, EV 99.4 MPH), Distance : 367 ft
|
|
Batting: LHB Miguel Ramos
|
0-0: Called Strike 0-1: Ball 1-1: Fly out, F7 (Flyball, 7S, EV 89.4 MPH)
|
|
Batting: RHB Victor Reyes
|
0-0: Ball 1-0: Ball 2-0: Called Strike 2-1: Called Strike 2-2: Ground out 6-3 (Groundball, 6D, EV 105.0 MPH)
|
|
Batting: RHB Frank Shaw
|
0-0: Ground out 6-3 (Groundball, 6, EV 81.9 MPH)
|
| Top of the 1st over - 3 runs, 1 hit, 0 errors, 0 left on base; Brooklyn 3 - Boise 0 |
| BOTTOM OF THE 1ST |
|
Boise Hawks batting - Pitching for Brooklyn Cyclones : LHP Brad Guffin
|
|
Pitching: LHP Brad Guffin
|
|
|
Batting: LHB Jerry Santana
|
0-0: Ball 1-0: Ball 2-0: Ball 3-0: Called Strike 3-1: Foul Ball, location: 2F 3-2: Base on Balls
|
|
Batting: SHB Justin Jackson
|
0-0: Ball Jerry Santana is caught stealing 2nd base 2-4 1-0: Swinging Strike 1-1: Swinging Strike 1-2: Fly out, F9 (Flyball, 9, EV 80.0 MPH)
|
|
Batting: RHB Brent Montagano
|
0-0: Called Strike 0-1: Ball 1-1: Ball 2-1: Ball 3-1: Foul Ball, location: 2F 3-2: Base on Balls
|
|
Batting: SHB Chris Besselman
|
0-0: Called Strike 0-1: Swinging Strike 0-2: Ball Wild Pitch! Brent Montagano to second 1-2: Ball 2-2: SINGLE (Line Drive, 9LS, EV 96.9 MPH) Brent Montagano to third Runner from 3rd tries for Home, SAFE, throw by RF to home
|
|
Batting: SHB Brad Madden
|
0-0: Fielders Choice at 2nd, 5-4 (Groundball, 56, EV 76.2 MPH)
|
| Bottom of the 1st over - 1 run, 1 hit, 0 errors, 1 left on base; Brooklyn 3 - Boise 1 |
| TOP OF THE 2ND |
|
Brooklyn Cyclones batting - Pitching for Boise Hawks : LHP Mike Pierce
|
|
Batting: SHB Ryan Brown
|
0-0: Foul Ball, location: 2F 0-1: Ball 1-1: Foul Ball, location: 2F 1-2: Foul Ball, location: 2F 1-2: Ball 2-2: Ball 3-2: Base on Balls
|
|
Batting: RHB Tom Primmer
|
0-0: Ball 1-0: Called Strike Ryan Brown is caught stealing 2nd base 2-4 1-1: Called Strike 1-2: Ball 2-2: Ball 3-2: Base on Balls
|
|
Batting: SHB Duri Chilemba
|
0-0: Ground out 4-3 (Groundball, 34, EV 103.8 MPH) Tom Primmer to second
|
|
Batting: LHB Elmo Dreier
|
0-0: Called Strike 0-1: Ball 1-1: Ball 2-1: Ball 3-1: Fly out, F8 (Flyball, 8RXD, EV 98.1 MPH)
|
| Top of the 2nd over - 0 runs, 0 hits, 0 errors, 1 left on base; Brooklyn 3 - Boise 1 |
| BOTTOM OF THE 2ND |
|
Boise Hawks batting - Pitching for Brooklyn Cyclones : LHP Brad Guffin
|
|
Batting: LHB Georges Lambert
|
0-0: Ball 1-0: Called Strike 1-1: Ball 2-1: Ground out 4-3 (Groundball, 4, EV 83.1 MPH)
|
|
Batting: RHB Willie Benito
|
0-0: Ball 1-0: Called Strike 1-1: Ball 2-1: Swinging Strike 2-2: Ball 3-2: Base on Balls
|
|
Batting: RHB Gashie Chimsima
|
0-0: Ball 1-0: Foul Ball, location: 2F 1-1: Foul Ball, location: 2F 1-2: Ball 2-2: Grounds into double play, 4-6-3 (Groundball, 4, EV 85.0 MPH)
|
| Bottom of the 2nd over - 0 runs, 0 hits, 0 errors, 0 left on base; Brooklyn 3 - Boise 1 |
| TOP OF THE 3RD |
|
Brooklyn Cyclones batting - Pitching for Boise Hawks : LHP Mike Pierce
|
|
Batting: SHB Callum Lynch
|
0-0: SOLO HOME RUN (Flyball, 78XD, EV 98.1 MPH), Distance : 391 ft
|
|
Batting: RHB Jayden Copeland
|
0-0: Called Strike 0-1: Ball 1-1: SINGLE (Groundball, 4D, EV 93.8 MPH)
|
|
Batting: LHB Miguel Ramos
|
0-0: Ball 1-0: Foul Ball, location: 2F 1-1: Called Strike 1-2: Strikes out looking
|
|
Batting: RHB Victor Reyes
|
0-0: Called Strike 0-1: Swinging Strike 0-2: Foul Ball, location: 2F 0-2: Fielders Choice at 2nd, 6-4 (Groundball, 56, EV 105.6 MPH)
|
|
Batting: RHB Frank Shaw
|
0-0: Ball 1-0: Ball 2-0: Fielders Choice at 2nd, 6-4 (Groundball, 6, EV 94.4 MPH)
|
| Top of the 3rd over - 1 run, 2 hits, 0 errors, 1 left on base; Brooklyn 4 - Boise 1 |
| BOTTOM OF THE 3RD |
|
Boise Hawks batting - Pitching for Brooklyn Cyclones : LHP Brad Guffin
|
|
Batting: RHB Aaron Burnet
|
0-0: Ball 1-0: Called Strike 1-1: Ground out 6-3 (Groundball, 6, EV 92.5 MPH)
|
|
Batting: LHB Jerry Santana
|
0-0: Ball 1-0: Called Strike 1-1: Foul Ball, location: 2F 1-2: DOUBLE (Flyball, 89D, EV 98.1 MPH)
|
|
Batting: SHB Justin Jackson
|
0-0: Ball 1-0: Called Strike Jerry Santana steals 3rd base (no throw) 1-1: Ball 2-1: Ball 3-1: Foul Ball, location: 2F 3-2: Fly out, F7 (Line Drive, 7S, EV 98.8 MPH)
|
|
Batting: RHB Brent Montagano
|
0-0: Ball 1-0: Called Strike 1-1: Ball 2-1: 2-RUN HOME RUN (Flyball, 9LD, EV 95.6 MPH), Distance : 337 ft
|
|
Batting: SHB Chris Besselman
|
0-0: Ball 1-0: Ball 2-0: Called Strike 2-1: Ground out 6-3 (Groundball, 6M, EV 82.5 MPH)
|
| Bottom of the 3rd over - 2 runs, 2 hits, 0 errors, 0 left on base; Brooklyn 4 - Boise 3 |
| TOP OF THE 4TH |
|
Brooklyn Cyclones batting - Pitching for Boise Hawks : LHP Mike Pierce
|
|
Batting: SHB Ryan Brown
|
0-0: Called Strike 0-1: Called Strike 0-2: Ball 1-2: Ground out 4-3 (Groundball, 34D, EV 103.8 MPH)
|
|
Batting: RHB Tom Primmer
|
0-0: Foul Ball, location: 2F 0-1: Ball 1-1: Ground out 4-3 (Groundball, 4M, EV 100.0 MPH)
|
|
Batting: SHB Duri Chilemba
|
0-0: Ball 1-0: Foul Ball, location: 2F 1-1: Ball 2-1: Swinging Strike 2-2: Ball 3-2: Foul Ball, location: 2F 3-2: Foul Ball, location: 2F 3-2: Base on Balls
|
|
Batting: LHB Elmo Dreier
|
0-0: Ball 1-0: Ball 2-0: DOUBLE (Flyball, 89D, EV 96.9 MPH) Duri Chilemba to third Runner from 3rd tries for Home, throw by CF and OUT! 8-4-2
|
| Top of the 4th over - 0 runs, 1 hit, 0 errors, 1 left on base; Brooklyn 4 - Boise 3 |
| BOTTOM OF THE 4TH |
|
Boise Hawks batting - Pitching for Brooklyn Cyclones : LHP Brad Guffin
|
|
Batting: SHB Brad Madden
|
0-0: Ball 1-0: Ball 2-0: Ball 3-0: Base on Balls
|
|
Batting: LHB Georges Lambert
|
0-0: Fielders Choice at 2nd, 4-6 (Groundball, 4, EV 79.4 MPH)
|
|
Batting: RHB Willie Benito
|
0-0: Fly out, F7 (Flyball, 7, EV 78.1 MPH)
|
|
Batting: RHB Gashie Chimsima
|
0-0: Swinging Strike 0-1: Ball 1-1: Swinging Strike 1-2: Strikes out looking
|
| Bottom of the 4th over - 0 runs, 0 hits, 0 errors, 1 left on base; Brooklyn 4 - Boise 3 |
| TOP OF THE 5TH |
|
Brooklyn Cyclones batting - Pitching for Boise Hawks : LHP Mike Pierce
|
|
Batting: SHB Callum Lynch
|
0-0: Ball 1-0: Ball 2-0: Called Strike 2-1: Foul Ball, location: 2F 2-2: Ball 3-2: SINGLE (Groundball, 5S, EV 61.2 MPH) (infield hit)
|
|
Pitching: RHP Dan Hoffman
|
|
|
Batting: RHB Jayden Copeland
|
0-0: Swinging Strike 0-1: Fly out, F4 (Popup, 4, EV 58.8 MPH)
|
|
Batting: LHB Miguel Ramos
|
0-0: Grounds into double play, 4-6-3 (Groundball, 4S, EV 87.5 MPH)
|
| Top of the 5th over - 0 runs, 1 hit, 0 errors, 0 left on base; Brooklyn 4 - Boise 3 |
| BOTTOM OF THE 5TH |
|
Boise Hawks batting - Pitching for Brooklyn Cyclones : LHP Brad Guffin
|
|
Batting: RHB Aaron Burnet
|
0-0: Ball 1-0: Ball 2-0: Ground out 4-3 (Groundball, 4S, EV 90.6 MPH)
|
|
Batting: LHB Jerry Santana
|
0-0: SINGLE (Line Drive, 7LS, EV 93.8 MPH)
|
|
Batting: SHB Justin Jackson
|
0-0: Fly out, F9 (Flyball, 9S, EV 94.4 MPH)
|
|
Batting: RHB Brent Montagano
|
0-0: Called Strike 0-1: Ball 1-1: Ball 2-1: Ball 3-1: Base on Balls Jerry Santana to second
|
|
Pitching: RHP Jonathan Colyer
|
|
|
Batting: SHB Chris Besselman
|
0-0: Called Strike 0-1: Ball 1-1: Foul Ball, location: 2F 1-2: Ball 2-2: Ground out U3 (Groundball, 23, EV 81.2 MPH)
|
| Bottom of the 5th over - 0 runs, 1 hit, 0 errors, 2 left on base; Brooklyn 4 - Boise 3 |
| TOP OF THE 6TH |
|
Brooklyn Cyclones batting - Pitching for Boise Hawks : RHP Dan Hoffman
|
|
Batting: RHB Victor Reyes
|
0-0: Ball 1-0: SINGLE (Groundball, 4M, EV 101.2 MPH)
|
|
Batting: RHB Frank Shaw
|
0-0: Swinging Strike 0-1: Ball 1-1: Ball Wild Pitch! Victor Reyes to second 2-1: Fly out, F3 (Popup, 3SF, EV 88.1 MPH)
|
|
Batting: SHB Ryan Brown
|
0-0: Ball 1-0: Fly out, F8 (Flyball, 8LD, EV 92.5 MPH)
|
|
Batting: RHB Tom Primmer
|
0-0: Called Strike 0-1: Ball 1-1: Called Strike 1-2: Foul Ball, location: 2F 1-2: Strikes out swinging
|
| Top of the 6th over - 0 runs, 1 hit, 0 errors, 1 left on base; Brooklyn 4 - Boise 3 |
| BOTTOM OF THE 6TH |
|
Boise Hawks batting - Pitching for Brooklyn Cyclones : RHP Jonathan Colyer
|
|
Batting: SHB Brad Madden
|
0-0: SINGLE (Groundball, 25, EV 61.2 MPH) (infield hit)
|
|
Batting: LHB Georges Lambert
|
0-0: Ball Passed Ball! Brad Madden to second 1-0: Called Strike Brad Madden steals 3rd base 1-1: Ball 2-1: SINGLE (Groundball, 5L, EV 95.6 MPH) Brad Madden scores
|
|
Batting: RHB Willie Benito
|
0-0: Ball 1-0: Fielders Choice at 2nd, 6-4 (Groundball, 6, EV 85.6 MPH)
|
|
Pinch Hitting: RHB Andy Rayer
|
0-0: Ball 1-0: Ball 2-0: Called Strike 2-1: Foul Ball, location: 2F 2-2: Fielders Choice at 2nd, 4-6 (Groundball, 34, EV 98.1 MPH)
|
|
Batting: RHB Aaron Burnet
|
0-0: Foul Ball, location: 2F 0-1: Ball 1-1: Ball 2-1: Foul Ball, location: 2F 2-2: Strikes out swinging
|
| Bottom of the 6th over - 1 run, 2 hits, 0 errors, 1 left on base; Brooklyn 4 - Boise 4 |
| TOP OF THE 7TH |
|
Brooklyn Cyclones batting - Pitching for Boise Hawks : RHP Dan Hoffman
|
|
Now at 3B: Carlos Manriquez
|
|
|
Now at SS: Willie Benito
|
|
|
Batting: SHB Duri Chilemba
|
0-0: Called Strike 0-1: Ball 1-1: Foul Ball, location: 2F 1-2: Ball 2-2: Ground out U3 (Groundball, 13, EV 88.8 MPH)
|
|
Batting: LHB Elmo Dreier
|
0-0: Ground out U3 (Groundball, 3, EV 91.9 MPH)
|
|
Batting: SHB Callum Lynch
|
0-0: Swinging Strike 0-1: Fly out, F7 (Line Drive, 56D, EV 70.6 MPH)
|
| Top of the 7th over - 0 runs, 0 hits, 0 errors, 0 left on base; Brooklyn 4 - Boise 4 |
| BOTTOM OF THE 7TH |
|
Boise Hawks batting - Pitching for Brooklyn Cyclones : RHP Jonathan Colyer
|
|
Batting: LHB Jerry Santana
|
0-0: SINGLE (Flyball, 8RS, EV 89.4 MPH)
|
|
Batting: SHB Justin Jackson
|
0-0: Ball Jerry Santana is caught stealing 2nd base 2-6 1-0: Foul Ball, location: 2F 1-1: Foul Ball, location: 2F 1-2: Ball 2-2: Ground out 4-3 (Groundball, 34D, EV 87.5 MPH)
|
|
Batting: RHB Brent Montagano
|
0-0: Ball 1-0: Fly out, F6 (Line Drive, 6, EV 61.9 MPH)
|
| Bottom of the 7th over - 0 runs, 1 hit, 0 errors, 0 left on base; Brooklyn 4 - Boise 4 |
| TOP OF THE 8TH |
|
Brooklyn Cyclones batting - Pitching for Boise Hawks : RHP Dan Hoffman
|
|
Batting: RHB Jayden Copeland
|
0-0: Ball 1-0: Foul Ball, location: 2F 1-1: Foul Ball, location: 2F 1-2: Ground out 6-3 (Groundball, 6, EV 85.0 MPH)
|
|
Batting: LHB Miguel Ramos
|
0-0: Ball 1-0: Ball 2-0: Ball 3-0: Base on Balls
|
|
Batting: RHB Victor Reyes
|
0-0: Ball 1-0: Ball 2-0: Called Strike 2-1: SINGLE (Line Drive, 6M, EV 98.8 MPH) Miguel Ramos to second
|
|
Batting: RHB Frank Shaw
|
0-0: Ball 1-0: Called Strike 1-1: Ball 2-1: Grounds into double play, 4-6-3 (Groundball, 4M, EV 101.2 MPH)
|
| Top of the 8th over - 0 runs, 1 hit, 0 errors, 1 left on base; Brooklyn 4 - Boise 4 |
| BOTTOM OF THE 8TH |
|
Boise Hawks batting - Pitching for Brooklyn Cyclones : RHP Jonathan Colyer
|
|
Batting: SHB Chris Besselman
|
0-0: Fly out, F8 (Line Drive, 8LM, EV 85.0 MPH)
|
|
Batting: SHB Brad Madden
|
0-0: Ground out 5-3 (Groundball, 56, EV 93.1 MPH)
|
|
Batting: LHB Georges Lambert
|
0-0: Ball 1-0: Foul Ball, location: 2F 1-1: Foul Ball, location: 2F 1-2: Ground out U3 (Groundball, 3L, EV 105.6 MPH)
|
| Bottom of the 8th over - 0 runs, 0 hits, 0 errors, 0 left on base; Brooklyn 4 - Boise 4 |
| TOP OF THE 9TH |
|
Brooklyn Cyclones batting - Pitching for Boise Hawks : RHP Dan Hoffman
|
|
Batting: SHB Ryan Brown
|
0-0: Called Strike 0-1: Ground out U3 (Groundball, 3, EV 81.2 MPH)
|
|
Pinch Hitting: RHB Jake Geib
|
0-0: Ball 1-0: Ball 2-0: Ball 3-0: Base on Balls
|
|
Pinch Hitting: RHB Ryan Marler
|
0-0: Ball Jake Geib steals 2nd base 1-0: Ball Balk! Jake Geib to third 2-0: Ball 3-0: Base on Balls
|
|
Batting: LHB Elmo Dreier
|
0-0: Ball Squeeze bunt is on, Jake Geib is safe 1-1: Fielders Choice at 2nd, 3-6 (Groundball, 3, EV 79.4 MPH)
|
|
Batting: SHB Callum Lynch
|
0-0: Called Strike Elmo Dreier steals 2nd base 0-1: Ball 1-1: Foul Ball, location: 2F 1-2: Foul Ball, location: 2F 1-2: Ground out 2-3 (Groundball, 13S, EV 68.8 MPH)
|
| Top of the 9th over - 1 run, 0 hits, 0 errors, 1 left on base; Brooklyn 5 - Boise 4 |
| BOTTOM OF THE 9TH |
|
Boise Hawks batting - Pitching for Brooklyn Cyclones : RHP Jonathan Colyer
|
|
Pitching: RHP Leo Burgos
|
|
|
Now at 1B: Salvador Gomez
|
|
|
Now at 3B: Callum Lynch
|
|
|
Now in LF: Ryan Marler
|
|
|
Now in CF: Jake Geib
|
|
|
Batting: RHB Willie Benito
|
0-0: Ground out U3 (Groundball, 3L, EV 105.6 MPH)
|
|
Batting: RHB Carlos Manriquez
|
0-0: Ball 1-0: Called Strike 1-1: Fly out, F9 (Flyball, 89M, EV 88.8 MPH)
|
|
Pinch Hitting: RHB Wali Mulogo
|
0-0: Ball 1-0: Called Strike 1-1: Foul Ball, location: 2F 1-2: Strikes out looking
|
| Bottom of the 9th over - 0 runs, 0 hits, 0 errors, 0 left on base; Brooklyn 5 - Boise 4 |
|